AoeStats
← Aynos

Four Lakes

508291899Analyzed
1v1 RM · 11d ago on Sep 21, 2026· 39m 45s· 2 players
Game mode
Random Map
Map size
Tiny (2 player)
Population
200
Speed
Normal
Resources
Standard
Victory
Conquest
Starting age
Dark Age
Ending age
Imperial Age
RankedLock teamsTeams togetherTeam positionsShared explorationLock speedFull tech treeHidden civsTurbo modeCheats
Victory
Defeat
🇺🇸 Spanish · United States
739
+14
🇩🇪 Britons · Germany
705
-14
Aynos
11:46 Feudal Age
14:04 Horse Collar
16:12 Double-Bit Axe
18:56 Fletching
19:07 Padded Archer Armor
19:14 Padded Archer Armor
21:42 Castle Age
22:30 Crossbowman
24:09 Heavy Plow
24:19 Bow Saw
24:14 Bodkin Arrow
25:47 Gold Mining
27:56 Leather Archer Armor
29:37 Ballistics
29:04 Elite Skirmisher
32:14 Town Watch
35:38 Imperial Age
37:51 Arbalester
Shuksan
10:05 Loom
12:23 Feudal Age
13:15 Double-Bit Axe
14:19 Wheelbarrow
13:30 Town Watch
13:44 Horse Collar
15:43 Fishing Lines
19:18 Castle Age
18:17 Scale Barding Armor
18:07 Gold Mining
18:12 Stone Mining
18:21 Gold Mining
19:56 Bloodlines
21:43 Husbandry
25:49 Fletching
27:15 Heavy Plow
27:09 Gillnets
31:55 Imperial Age
31:46 Ballistics
31:23 Murder Holes
32:37 Hand Cart
33:37 Chemistry
32:39 Cavalier
36:36 Masonry
37:09 Hoardings
37:11 Hand Cart
38:12 Elite Cannon Galleon
Connection lost

Rejoining the realm…

Still unreachable

The connection could not be restored.

Session expired

The server has moved on; the page needs a fresh start.